 Dungeon Crawl Stone Soup version 0.30-a0-359-gd0147acb1a (webtiles) character file.

Game seed: 13694512553357612568

380 valliere the Ruffian (level 6, -2/48 HPs)
             Began as a Demigod Transmuter on Nov 11, 2022.
             Slain by a phantom (4 damage)
             ... on level 5 of the Dungeon.
             The game lasted 00:12:26 (3962 turns).

valliere the Ruffian (Demigod Transmuter)           Turns: 3962, Time: 00:12:27

Health: -2/48      AC:  7    Str: 18 (19) XL:     6   Next: 21%
Magic:  13/13      EV: 11    Int: 13 (15) God:
Gold:   232        SH:  0    Dex: 12 (14) Spells: 8/10 levels left

rFire   . . .      SeeInvis .      - Unarmed
rCold   . . .      Faith    .    (no shield)
rNeg    . . .      Spirit   .    f - +0 ring mail
rPois   .          Reflect  .    (no helmet)
rElec   .          Harm     .    h - +0 cloak
rCorr   .          Rampage  .    (no gloves)
Will    .....                    m - +0 pair of boots
Stlth   +.........               (no amulet)
HPRegen 0.28/turn                q - +4 ring of slaying
MPRegen 0.13/turn                (no ring)

@: mighty, brilliant
A: high MP 1, forlorn, divine attributes
a: no special abilities


You were on level 5 of the Dungeon.
You visited 1 branch of the dungeon, and saw 5 of its levels.

You collected 232 gold pieces.

Inventory:

Missiles
 d - 37 stones
 j - 2 boomerangs
Armour
 a - a +0 robe
 c - a +0 leather armour
 f - a +0 ring mail (worn)
 h - a +0 cloak (worn)
 m - a +0 pair of boots (worn)
Jewellery
 q - a +4 ring of slaying (left hand)
Scrolls
 e - 3 scrolls of identify
 l - 2 scrolls of noise
 o - 2 scrolls of enchant weapon
Potions
 b - a potion of lignification
 g - 4 potions of curing
 k - a potion of flight
 p - a potion of brilliance


   Skills:
 + Level 2.1 Fighting
 + Level 1.4 Armour
 + Level 2.9 Dodging
 * Level 4.1 Unarmed Combat
 + Level 2.7 Spellcasting
 + Level 2.7 Transmutations
 + Level 1.6 Poison Magic


You had 8 spell levels left.
You knew the following spells:

 Your Spells              Type           Power      Damage    Failure   Level
a - Beastly Appendage     Tmut           26%        N/A       14%         1
b - Sting                 Tmut/Pois      44%        1d5       19%         1

Your spell library contained the following spells:

 Spells                   Type           Power      Damage    Failure   Level
 Wereblood                Tmut           13%        N/A       22%         2
 Poisonous Vapours        Pois/Air       10%        N/A       43%         2
 Spider Form              Tmut/Pois      11%        N/A       47%         3
 Sublimation of Blood     Necr           2%         N/A       54%         2
 Olgreb's Toxic Radiance  Pois           8%         N/A       91%         4
 Ice Form                 Ice/Tmut       7%         N/A       94%         4
 Petrify                  Tmut/Erth      7%         N/A       94%         4
 Irradiate                Conj/Tmut      3%         3d12      100%        5


Dungeon Overview and Level Annotations

Branches:
Dungeon (5/15)
 Temple: D:4-7

Shops:
D:2 =   D:3 [=[*


Innate Abilities, Weirdness & Mutations

You have an increased reservoir of magic. (+10% MP)
You shall have no god before yourself.
Your divine heritage dramatically boosts your attributes as you level up.


Message History

The phantom hits you but does no damage.
Okay, then.
Your horns disappear.
Your talons disappear.
Your +0 pair of boots unmelds from your body.
The phantom hits you but does no damage.
You're too confused to move!
You feel less confused.
The orc wizard points at you and mumbles some strange words.
The puff of flame misses you. The phantom hits you.
* * * LOW HITPOINT WARNING * * *
The phantom blinks!
You blink.
The centaur shoots an arrow.
The arrow barely misses you.
Okay, then.
The centaur shoots an arrow.
The arrow hits you!
* * * LOW HITPOINT WARNING * * *
The phantom hits you.
* * * LOW HITPOINT WARNING * * *
The phantom blinks!
You blink.
Found a scroll labelled WEODOA LUIGG, a silver wand and a potion of flight.
Sorry, you're not good enough to have a special ability.
Unknown command.
It was a potion of brilliance.
You feel clever all of a sudden.
The phantom hits you but does no damage.
An ice beast comes into view.
The phantom attacks as you move away! The phantom barely misses you.
Found a club.
Casting: Beastly Appendage (safe; 12% risk of failure)
Confirm with . or Enter, or press ? or * to list all spells.
Okay, then.
Okay, then.
It was a potion of degeneration.
There was something very wrong with that liquid.
You feel weakened.
You feel dopey.
You feel clumsy. The phantom barely misses you.
It was a potion of might.
You feel very mighty all of a sudden.
The centaur shoots an arrow.
The arrow hits you but does no damage. The phantom hits you.
You die...

#. #..####..
#.###<.†.#..
#..#........ #
#.....##..# ##.
##...#o§...#
#..####..####c..## #
.#.......##...... ##.#
##..#.......)).(..
.....#@......c...<#....
)....Y..W.#####..###._8_
......#.........$# #....
...............#........
###.#..#?.....########.#
#.#.##......# #.. #./.
.......# ##h
######!.....# ########


You could see an ice beast, a phantom and a centaur.

Vanquished Creatures
  A scorpion (D:4)
  A hound (D:5)
  A jelly (D:5)
  4 iguanas (D:4)
  6 adders
  A white imp (D:5)
  A worm (D:2)
  3 dart slugs
  4 orcs
  8 ball pythons
  9 endoplasms
  3 giant cockroaches
  7 hobgoblins
  7 jackals
  7 kobolds
  3 quokkas
  4 bats
  A frilled lizard (D:2)
  10 goblins
  8 rats
89 creatures vanquished.

Notes
Turn   | Place    | Note
-------+----------+-------------------------------------------
     0 | D:1      | valliere the Demigod Transmuter began the quest for the
                  | Orb.
     0 | D:1      | Reached XP level 1. HP: 15/15 MP: 5/5
    97 | D:1      | Reached skill level 1 in Fighting
   197 | D:1      | Reached XP level 2. HP: 23/23 MP: 7/7
   269 | D:1      | Reached skill level 3 in Unarmed Combat
   559 | D:1      | Reached XP level 3. HP: 21/28 MP: 6/8
  1295 | D:2      | Found Quritixti's Jewellery Shoppe.
  1774 | D:3      | Found Ucsypef's Armour Shop.
  1883 | D:3      | Reached XP level 4. HP: 33/35 MP: 8/10
  1942 | D:3      | Found Wimiotea's Armour Shoppe.
  2004 | D:3      | Found Qutuh's Jewellery Shop.
  2211 | D:3      | Found Nimoal's Assorted Antiques.
  2557 | D:4      | Learned a level 1 spell: Sting
  2591 | D:4      | Reached skill level 1 in Poison Magic
  2651 | D:4      | Reached XP level 5. HP: 29/41 MP: 8/11
  2697 | D:4      | Reached skill level 1 in Armour
  3148 | D:4      | HP: 2/41 [iguana (6)]
  3585 | D:4      | Reached skill level 4 in Unarmed Combat
  3710 | D:5      | Entered Level 5 of the Dungeon
  3744 | D:5      | Noticed a centaur
  3841 | D:5      | Reached XP level 6. HP: 48/48 MP: 10/12
  3957 | D:5      | HP: 2/48 [centaur/arrow (10)]
  3962 | D:5      | Slain by a phantom

Illustrated notes

Levels and vault maps discovered:
D:1:      erik_arrival_blinker_ship, layout_basic, bh_walls_and_bars
D:2:      layout_basic, dreamdust_ecumenical_altar_grove, serial_shops,
          nicolae_shop_waterfront
D:3:      layout_loops_cross, mainiacjoe_overflow_tiny_flanked, serial_shops,
          nicolae_square_shop, nicolae_shop_advertising_works
          [nicolae_subvault_shop_adworks], nicolae_shop_overgrown_old_shop, shop
D:4:      layout_loops_ring, nemelex_xobeh_ov_fountains_minmay,
          kennysheep_pointless_box
D:5:      layout_rooms, chequers_temple_overflow_statue_of_worship,
          minmay_temple_entry_enclosed_plants

Skill      XL: |  1  2  3  4  5 |
---------------+----------------+-----
Fighting       | 1 2 |  2.1
Spellcasting   | 2 |  2.7
Dodging        | 2 |  2.9
Unarmed Combat | 3 4 |  4.1
Transmutations | 2 |  2.7
Poison Magic   | 1 |  1.6
Armour         | 1 |  1.4

Action                   |  1- 3 |  4- 6 || total
-------------------------+-------+-------++-------
Melee: Unarmed           |   133 |   128 ||   261
       Kick              |    26 |    38 ||    64
       Headbutt          |    15 |    17 ||    32
       Punch             |     3 |     5 ||     8
Throw: Boomerang         |       |     6 ||     6
       Stone             |       |     2 ||     2
 Cast: Beastly Appendage |    25 |    28 ||    53
       Sting             |       |     4 ||     4
  Use: Scroll            |       |     3 ||     3
       Potion            |       |     4 ||     4
Armor: Ring mail         |    40 |    40 ||    80
       Leather armour    |     1 |       ||     1
Dodge: Dodged            |    63 |    73 ||   136

Table legend: (Time is in decaauts)
 A = Elapsed time spent in this place.
 B = Non-inter-level travel time spent in this place.
 C = Inter-level travel time spent in this place.
 D = Time resting spent in this place.
 E = Time spent auto-exploring this place.
 F = Levels seen in this place.
 G = Mean time per level.
                   A        B        C        D        E       F      G
               +--------+--------+--------+--------+--------+-----+--------+
         Total |   3949 |   3823 |    126 |    255 |   2873 |   5 |  789.8 |
       Dungeon |   3949 |   3823 |    126 |    255 |   2873 |   5 |  789.8 |
               +--------+--------+--------+--------+--------+-----+--------+

Top non-repeatable levels by time:
     D:4: 1400 daAuts
     D:2: 913 daAuts
     D:1: 842 daAuts
     D:3: 673 daAuts
     D:5: 119 daAuts
